 Dungeon Crawl Stone Soup version 0.31-a0-1626-g5cb510d322 (webtiles) character file.

Game seed: 13438336369945290458

302 clenchingflame the Slasher (level 6, -3/48 HPs)
             Began as a Merfolk Gladiator on Jan 13, 2024.
             Was a Believer of Okawaru.
             Slain by a steam dragon (5 damage)
             ... on level 4 of the Dungeon.
             The game lasted 00:10:38 (2864 turns).

clenchingflame the Slasher (Merfolk Gladiator)      Turns: 2864, Time: 00:10:39

Health: -3/48      AC:  6    Str: 15    XL:     6   Next: 37%
Magic:  4/6        EV: 16    Int:  7    God:    Okawaru [**....]
Gold:   281        SH:  0    Dex: 17    Spells: 5/5 levels left

rFire   . . .        A - +0 falchion
rCold   . . .        (no shield)
rNeg    . . .        b - +0 leather armour
rPois   .            c - +0 helmet
rElec   .            (no cloak)
rCorr   .            (no gloves)
SInv    .            v - +0 pair of boots
Will    .....        j - amulet of regeneration
Stlth   +++          (no ring)
HPRegen 1.08/turn    (no ring)
MPRegen 0.10/turn

%: no passive effects
@: heroic
A: (nimble swimmer 2), mertail
a: Renounce Religion, Heroism


You were on level 4 of the Dungeon.
You worshipped Okawaru.
Okawaru was pleased with you.
You visited 1 branch of the dungeon, and saw 5 of its levels.

You collected 281 gold pieces.

Inventory:

Hand Weapons
 a - a +0 long sword
 A - a +0 falchion (weapon)
Missiles
 d - 3 throwing nets
 e - a javelin
 g - 46 stones (quivered)
Armour
 b - a +0 leather armour (worn)
 c - a +0 helmet (worn)
 o - a +0 scale mail
 p - a +0 plate armour
 v - a +0 pair of boots (worn)
 w - a +0 ring mail
Jewellery
 j - an amulet of regeneration (around neck)
 D - a ring of see invisible
Scrolls
 f - 3 scrolls of identify {unknown}
 l - a scroll of fear {unknown}
 n - 6 scrolls of teleportation {unknown}
 r - a scroll of enchant weapon {unknown}
 s - a scroll of vulnerability {unknown}
 t - 2 scrolls of revelation {unknown}
 y - 2 scrolls of poison {unknown}
 E - a scroll of fog {unknown}
Potions
 h - a potion of enlightenment {unknown}
 i - 2 potions of resistance {unknown}
 k - a potion of cancellation {unknown}
 m - a potion of haste {unknown}
 q - 2 potions of heal wounds {unknown}
 u - a potion of invisibility {unknown}
 x - 2 potions of mutation {unknown}
 z - a potion of curing {unknown}
 B - a potion of magic {unknown}
 C - 2 potions of lignification {unknown}


   Skills:
 - Level 4.2(9.2) Fighting
 * Level 7.1(12.1) Long Blades
 - Level 2.0(7.0) Throwing
 + Level 0.5(5.5) Armour
 - Level 4.0(9.0) Dodging


You had 5 spell levels left.
You didn't know any spells.
Your spell library contained the following spells:

 Spells                   Type           Power      Damage    Failure   Level
 Inner Flame              Hex/Fire       0%         N/A       86%         3
 Irradiate                Conj/Alch      0%         3d11      100%        5
 Ignition                 Fire           0%         3d3       100%        8


Dungeon Overview and Level Annotations

Branches:
Dungeon (5/15)             Temple (0/1) D:4

Altars:
Ashenzari
Cheibriados
Nemelex Xobeh
Okawaru
Qazlal
Ru
Trog
Xom
Zin

Annotations:
D:5 Edmund


Innate Abilities, Weirdness & Mutations

((You are very nimble when in or above water. (Stealth+, EV+, Speed+++)))
Your lower body shifts to a powerful aquatic tail in water.


Message History

You hit the gnoll.
The gnoll is heavily wounded.
The gnoll hits you with a +0 club.
You slash the gnoll!
You kill the gnoll!
Okawaru accepts your kill.
You hit the gnoll but do no damage. The gnoll closely misses you.
You barely miss the gnoll. The gnoll closely misses you.
The steam dragon breathes steam at you. The ball of steam hits you!
The gnoll closely misses you.
The gnoll is engulfed in a cloud of scalding steam.
You are engulfed in a cloud of scalding steam.
You are engulfed in a cloud of scalding steam.
The gnoll is engulfed in a cloud of scalding steam.
The gnoll dies!
The steam dragon breathes steam at you. The ball of steam hits you.
There is a stone staircase leading up here.
You are engulfed in a cloud of scalding steam.
A gnoll comes into view. It is wielding a +0 spear.
The gnoll is engulfed in a cloud of scalding steam.
The steam dragon misses you.
The steam dragon claws you but does no damage.
The gnoll hits you from afar with a +0 spear.
You climb upwards.
There is a stone staircase leading down here.
You hit the steam dragon but do no damage.
The steam dragon misses you. The steam dragon barely misses you.
You hit the steam dragon but do no damage.
The steam dragon bites you! The steam dragon barely misses you.
You slash the steam dragon!
The steam dragon is moderately wounded.
The steam dragon breathes steam at you. The ball of steam hits you!
* * * LOW HITPOINT WARNING * * *
You gain the combat prowess of a mighty hero.
You are engulfed in a cloud of scalding steam.
* * * LOW HITPOINT WARNING * * *
The steam dragon bites you.
You die...

#####.#####.## #.....##....
##.........##.# #.....####.#
###..#######..### #.....#.....
#_..###_._###.._# #.....#.##.#
###..##...##..######.....#.##.#
##.........##....###.###.##..
####...########.# #.# #>####
##_###.#####.###.###†#### ###
#..@§##.##..........
#.##D##.#.#.#.##.###
#.......##.......... #####
##########.######.#.##.###
....####......# #.######.#.##.#
###......#.##.# #.............#
#..###......# ########.######
#..PP...#...# ##.##
#.......#...# #...#


You could see a steam dragon (catching breath).

Vanquished Creatures
  A scorpion (D:5)
  A howler monkey (D:4)
  2 hounds
  An iguana (D:5)
  4 adders
  A gnoll (D:5)
  A dart slug (D:1)
  6 orcs
  4 ball pythons
  3 bats
  8 endoplasms
  2 giant cockroaches (D:4)
  4 goblins
  5 hobgoblins
  5 jackals (D:2)
  4 quokkas
  4 frilled lizards
  2 kobolds
  6 rats
64 creatures vanquished.

Vanquished Creatures (others)
  A gnoll (D:5)
1 creature vanquished.

Grand Total: 65 creatures vanquished

Notes
Turn   | Place    | Note
-------+----------+-------------------------------------------
     0 | D:1      | clenchingflame the Merfolk Gladiator began the quest for
                  | the Orb.
     0 | D:1      | Reached XP level 1. HP: 16/16 MP: 1/1
    85 | D:1      | Reached skill level 4 in Long Blades
    87 | D:1      | Reached XP level 2. HP: 18/23 MP: 2/2
   526 | D:1      | Found a broken altar of Ashenzari.
   585 | D:1      | Reached XP level 3. HP: 28/28 MP: 3/3
   973 | D:2      | Reached skill level 5 in Long Blades
  1319 | D:3      | Reached XP level 4. HP: 34/35 MP: 4/4
  1492 | D:3      | Found a faded altar of an unknown god.
  1522 | D:3      | Prayed at the altar of an unknown god.
  1522 | D:3      | Became a worshipper of Warmaster Okawaru
  1522 | D:3      | Reached * piety under Okawaru
  1710 | D:3      | Found a sparkling altar of Nemelex Xobeh.
  2250 | D:4      | Found a staircase to the Ecumenical Temple.
  2308 | D:4      | Reached XP level 5. HP: 36/42 MP: 5/5
  2314 | D:4      | Reached skill level 6 in Long Blades
  2443 | D:4      | Found a sacrificial altar of Ru.
  2443 | D:4      | Found a snail-covered altar of Cheibriados.
  2449 | D:4      | Found a glowing silver altar of Zin.
  2451 | D:4      | Found a bloodstained altar of Trog.
  2453 | D:4      | Found a stormy altar of Qazlal.
  2667 | D:5      | Entered Level 5 of the Dungeon
  2667 | D:5      | Noticed an ogre
  2708 | D:5      | Noticed Edmund
  2758 | D:5      | Found a shimmering altar of Xom.
  2770 | D:5      | Reached ** piety under Okawaru
  2771 | D:5      | Reached XP level 6. HP: 48/48 MP: 6/6
  2812 | D:5      | Reached skill level 7 in Long Blades
  2820 | D:5      | Noticed a steam dragon
  2864 | D:4      | HP: 1/48 [steam dragon] (7)]
  2864 | D:4      | Slain by a steam dragon

Illustrated notes

Levels and vault maps discovered:
D:1:      dpeg_arrival_water_altar, layout_loops_ring
D:2:      layout_rooms
D:3:      layout_basic, mainiacjoe_overflow_cross_hatched,
          shapermc_ecumenical_altar_flowoftime
D:4:      layout_loops_cross, chequers_temple_overflow_minitemple,
          minmay_temple_entry_overgrown
D:5:      layout_cave_pools, nicolae_ashenzari_skybound, general_overflow_altar,
          mainiacjoe_overflow_small_starburst, uniq_edmund

Skill      XL: |  1  2  3  4  5  6 |
---------------+-------------------+-----
Long Blades    | 4 5 6 7 |  7.1
Fighting       | 3 4 |  4.2
Throwing       | |  2.0
Armour         | |  0.5
Dodging        | |  4.0

Action                     |  1- 3 |  4- 6 || total
---------------------------+-------+-------++-------
  Melee: Long sword        |   112 |    30 ||   142
         Falchion          |       |    96 ||    96
 Invoke: Heroism           |       |     1 ||     1
   Stab: Sleeping          |     4 |     1 ||     5
 Armour: Leather armour    |    61 |    56 ||   117
  Dodge: Dodged            |    89 |    67 ||   156

Table legend: (Time is in decaauts)
 A = Elapsed time spent in this place.
 B = Non-inter-level travel time spent in this place.
 C = Inter-level travel time spent in this place.
 D = Time resting spent in this place.
 E = Time spent auto-exploring this place.
 F = Levels seen in this place.
 G = Mean time per level.
                   A        B        C        D        E       F      G
               +--------+--------+--------+--------+--------+-----+--------+
         Total |   2879 |   2777 |    102 |     36 |   1942 |   5 |  575.8 |
       Dungeon |   2879 |   2777 |    102 |     36 |   1942 |   5 |  575.8 |
               +--------+--------+--------+--------+--------+-----+--------+

Top non-repeatable levels by time:
     D:1: 783 daAuts
     D:4: 744 daAuts
     D:3: 722 daAuts
     D:2: 506 daAuts
     D:5: 122 daAuts
